 Dungeon Crawl Stone Soup version 0.22-a0-605-g9281fa2 (webtiles) character file.

142 sking99 the Ruffian (level 5, -19/45 HPs)
             Began as a Draconian Transmuter on July 8, 2018.
             Blown up by Ijyb (21 damage)
             ... with a wand of disintegration (6)
             ... on level 3 of the Dungeon.
             The game lasted 00:03:51 (1824 turns).

sking99 the Ruffian (Draconian Transmuter)          Turns: 1824, Time: 00:03:52

Health: -19/45     AC:  5    Str: 13    XL:     5   Next: 4%
Magic:  3/8        EV: 12    Int: 13    God:
Gold:   52         SH:  0    Dex: 12    Spells: 5/8 levels left

rFire    . . .     SeeInvis .     - Unarmed
rCold    . . .     Gourm    .   (no shield)
rNeg     . . .     Faith    .   (armour unavailable)
rPois    .         Spirit   .   (helmet restricted)
rElec    .         Reflect  .   (no cloak)
rCorr    .         Harm     .   (no gloves)
MR       .....                  (no boots)
Stlth    +.........             (no amulet)
HPRegen  0.15/turn              (no ring)
MPRegen  0.11/turn              (no ring)

@: no status effects
A: unfitting armour, cold-blooded, AC +5
a: no special abilities


You were on level 3 of the Dungeon.
You were not hungry.

You visited 1 branch of the dungeon, and saw 3 of its levels.

You collected 52 gold pieces.

Inventory:

Missiles
 a - 33 arrows
Jewellery
 n - an uncursed ring of protection from fire {unknown}
Scrolls
 b - a scroll of remove curse {unknown}
 f - a scroll of enchant weapon {unknown}
 h - 6 scrolls of identify {unknown}
 k - 2 scrolls of teleportation {unknown}
 q - a scroll of blinking {unknown}
 r - a scroll of amnesia {unknown}
Potions
 e - a potion of curing
 g - 3 potions of lignification {unknown}
 i - a potion of mutation {unknown}
 j - a potion of resistance {unknown}
 l - a potion of heal wounds {unknown}
 m - a potion of agility {unknown}
 o - a potion of degeneration {unknown}
 p - a potion of brilliance {unknown}
Comestibles
 c - 7 rations
 d - 3 chunks of flesh


   Skills:
 + Level 3.0 Fighting
 - Level 1.7 Dodging
 * Level 4.9 Unarmed Combat
 - Level 2.0 Spellcasting
 + Level 2.3 Transmutations


You had 5 spell levels left.
You knew the following spells:

 Your Spells              Type           Power        Failure   Level  Hunger
a - Beastly Appendage     Tmut           #.....       10%         1    ##.....
b - Sticks to Snakes      Tmut           #.......     16%         2    ###....

Your spell library contained the following spells:

 Spells                   Type           Power        Failure   Level  Hunger
 Spider Form              Tmut/Pois      #.........   43%         3    ####...
 Blade Hands              Tmut           #.........   95%         5    ######.
 Ice Form                 Ice/Tmut       #.......     85%         4    #####..


Dungeon Overview and Level Annotations

Branches:
Dungeon (3/15)

Altars:
Sif Muna
Zin

Annotations:
D:3 Grinder, Ijyb


Innate Abilities, Weirdness & Mutations

Your plain brown scales are hard. (AC +5)
You cannot fit into any form of body armour.
You are cold-blooded and may be slowed by cold attacks.


Message History

Ijyb the Twisted Goblin comes into view.
She is wielding a club.
Your adder closely misses Grinder.
Your ball python bites Grinder but does no damage.
Your ball python closely misses Grinder.
It was a potion of curing.
You feel better.
Your ball python bites Grinder but does no damage.
Your ball python grabs Grinder.
Your ball python constricts Grinder.
Grinder hits you.
* * * LOW HITPOINT WARNING * * *
Your adder bites Grinder.
Grinder is poisoned.
Your adder poisons Grinder!
Ijyb zaps a wand.
You are blasted!
* * * LOW HITPOINT WARNING * * *
It is a wand of disintegration (6).
Your ball python bites Grinder but does no damage. x2
Your ball python constricts Grinder.
Okay, then.
Your adder bites Grinder but does no damage.
Grinder struggles to escape constriction.
Ijyb zaps a wand.
You are blasted!
You die...

#. #...... #.#.##......
#........<.. ..
#......... ## ...
#.>...... .. ...
#......# .# ....
#.#.S5.# ..##
....#######.#.SS.#....##
..........#.#...@..._.g.
.......##.#.#.(#.##....#
.......##.#.#(.#.# ...#
......รท.#......#.# ###
......#.######.#..
#######.# #.###
........# #.. .#...####
#### ##...#


You could see Grinder, Ijyb, a friendly adder and 2 friendly ball pythons.

Vanquished Creatures
  Jessica (D:2)
  7 adders
  An ooze (D:2)
  A worm (D:2)
  A leopard gecko (D:1)
  An orc (D:2)
  5 giant cockroaches
  9 goblins
  2 hobgoblins (D:2)
  2 quokkas (D:2)
  6 bats
  A frilled lizard (D:2)
  5 kobolds
  5 rats
47 creatures vanquished.

Vanquished Creatures (collateral kills)
  A goblin (D:3)
1 creature vanquished.

Grand Total: 48 creatures vanquished

Notes
Turn   | Place    | Note
-------+----------+-------------------------------------------
     0 | D:1      | sking99 the Draconian Transmuter began the quest for the Orb.
     0 | D:1      | Reached XP level 1. HP: 16/16 MP: 3/3
   103 | D:1      | Reached XP level 2. HP: 23/23 MP: 5/5
   549 | D:2      | Reached XP level 3. HP: 27/29 MP: 6/6
   586 | D:2      | Noticed Jessica
   606 | D:2      | Reached skill level 4 in Unarmed Combat
   611 | D:2      | Killed Jessica
   727 | D:2      | Reached XP level 4. HP: 37/37 MP: 7/7
  1041 | D:2      | Learned a level 2 spell: Sticks to Snakes
  1143 | D:2      | Found a glowing silver altar of Zin.
  1810 | D:3      | Reached XP level 5. HP: 45/45 MP: 8/8
  1811 | D:3      | Found a deep blue altar of Sif Muna.
  1811 | D:3      | Noticed Grinder
  1822 | D:3      | Noticed Ijyb
  1823 | D:3      | HP: 2/45 [disintegration (9)]
  1824 | D:3      | Blown up by Ijyb

Vault maps used:
D:1:      minmay_arrival_cross
D:2:      zin_academy, first_ration, uniq_jessica
D:3:      fedhas_altar_3, bloody_makhleb, overflow_temple_1_default,
          nicolae_overflow_crystal_walls, uniq_sigmund, uniq_ijyb, uniq_grinder,
          uniq_natasha

Skill      XL: |  1  2  3  4 |
---------------+-------------+-----
Fighting       | 2 3 |  3.0
Unarmed Combat | 4 |  4.9
Dodging        | |  1.7
Spellcasting   | |  2.0
Transmutations | |  2.3

Action                   |  1- 3 |  4- 6 || total
-------------------------+-------+-------++-------
Melee: Unarmed           |    79 |   118 ||   197
       Tailslap          |     6 |     6 ||    12
       Punch             |     2 |     1 ||     3
 Cast: Sticks to Snakes  |       |     3 ||     3
  Use: Potion            |       |     1 ||     1
 Stab: Sleeping          |     1 |     2 ||     3
  Eat: Chunk             |       |     3 ||     3
Armor: Skin              |    30 |    49 ||    79
Dodge: Dodged            |    38 |    69 ||   107

Table legend:
 A = Spawn XP
 B = Non-spawn XP
 C = Spawn XP percentage of total XP
 D = Spawn monster count
 E = Non-spawn monster count
 F = Spawn count percentage of total count
 G = Total turns spent on level
                    A         B        C        D         E        F      G
               +---------+---------+-------+---------+---------+-------+---------
         Total |       0 |     204 |   0.0 |       0 |      48 |   0.0 |  1824
               +---------+---------+-------+---------+---------+-------+---------
           D:1 |       0 |      30 |   0.0 |       0 |      17 |   0.0 |   526
           D:2 |       0 |     142 |   0.0 |       0 |      24 |   0.0 |  1094
           D:3 |       0 |      32 |   0.0 |       0 |       7 |   0.0 |   204
               +---------+---------+-------+---------+---------+-------+---------
